 Dungeon Sprint DCSS version 0.30.1-4-g462c640d31 (webtiles) character file.

Game seed: 13570161099805057670

168 Heoruswealwe the Trooper (level 5, 0/48 HPs)
             Began as a Demigod Fighter on Aug 16, 2023.
             Slain by a slime creature (14 damage)
             ... in the Dungeon (Sprint I: "Red Sonja").
             The game lasted 00:03:03 (93 turns).

Heoruswealwe the Trooper (Demigod Fighter)            Turns: 93, Time: 00:03:04

Health: 0/48       AC: 10    Str: 21    XL:     5   Next: 3%
Magic:  7/7        EV:  9    Int: 10    God:
Gold:   162        SH:  5    Dex: 13    Spells: 4/4 levels left

rFire   . . .        a - +0 war axe
rCold   + . .        d - +0 buckler
rNeg    . . .        c - +3 scale mail {rC+}
rPois   .            (no helmet)
rElec   .            (no cloak)
rCorr   .            (no gloves)
SInv    .            (no boots)
Will    .....        (no amulet) Stlth
                     (no ring)
HPRegen 0.28/turn    (no ring)
MPRegen 0.10/turn

%: no teleportation
@: no status effects
A: high MP 1, forlorn, divine attributes
a: no special abilities


You were in the Dungeon.
You visited 1 branch You collected 162 gold pieces.

Inventory:

Hand Weapons
 a - a +0 war axe (weapon)
Armour
 c - a +3 scale mail of cold resistance (worn)
 d - a +0 buckler (worn)
Wands
 b - a wand of polymorph (7)
Scrolls
 j - a scroll of blinking
Potions
 g - a potion of mutation {unknown}
 h - 2 potions of magic
 i - a potion of berserk rage


   Skills:
 + Level 5.5 Fighting
 + Level 5.1 Axes
 + Level 5.5 Armour
 + Level 5.5 Shields


You had 4 spell levels left.
You didn't know any spells.
Your spell library was empty.

Dungeon Overview and Level Annotations

Branches:
Dungeon (1/1)


Innate Abilities, Weirdness & Mutations

You have an increased reservoir of magic. (+10% MP)
You shall have no god before yourself.
Your divine heritage dramatically boosts your attributes as you level up.


Message History

You slash the slime creature!
The slime creature is lightly wounded.
You block the slime creature's attack.
You hit the slime creature but do no damage.
The slime creature is lightly wounded.
The slime creature hits you!
You hit the slime creature.
The slime creature is lightly wounded.
The slime creature hits you!
You barely miss the slime creature.
The slime creature is lightly wounded.
The slime creature hits you. x2
You feel better. The slime creature hits you!
You feel better.
The slime creature hits you but does no damage.
You hit the slime creature.
The slime creature is moderately wounded.
You block the slime creature's attack.
You hit the slime creature.
The slime creature is moderately wounded.
The slime creature hits you.
You hit the slime creature but do no damage.
The slime creature is moderately wounded.
The slime creature hits you!
* * * LOW HITPOINT WARNING * * *
You feel much better. The slime creature hits you!
You barely miss the slime creature.
The slime creature is moderately wounded.
You block the slime creature's attack. The slime creature hits you!
* * * LOW HITPOINT WARNING * * *
You hit the slime creature.
The slime creature is moderately wounded.
The slime creature hits you but does no damage.
You hit the slime creature.
The slime creature is moderately wounded.
You block the slime creature's attack.
You hit the slime creature.
The slime creature is moderately wounded.
The slime creature hits you!
You die...

################ ##
#<.#.)'..#.)'.[#__#
#..'..#.)'.†#.@J..+
#..#####'#####+#__#
#..# #..# ## #..#
#### #..# #⌠⌠# ####


You could see a slime creature.

Vanquished Creatures
  An ogre (D)
  A bullfrog (D)
  Ijyb (D)
3 creatures vanquished.

Notes
Turn   | Place    | Note
-------+----------+-------------------------------------------
     0 | D        | Heoruswealwe the Demigod Fighter began the quest for the
                  | Orb.
     0 | D        | Reached XP level 1. HP: 18/18 MP: 3/3
     3 | D        | Noticed Ijyb
    10 | D        | Killed Ijyb
    11 | D        | Reached XP level 2. HP: 27/27 MP: 4/4
    14 | D        | Noticed an ogre
    18 | D        | Killed an ogre
    19 | D        | Reached XP level 3. HP: 35/35 MP: 5/5
    19 | D        | Reached XP level 4. HP: 41/41 MP: 6/6
    21 | D        | Noticed Sigmund
    24 | D        | Sigmund changed into Sigmund the water moccasin
    24 | D        | Noticed Sigmund
    25 | D        | Sigmund the water moccasin changed into Sigmund the
                  | bullfrog
    25 | D        | Noticed Sigmund
    31 | D        | Killed Sigmund the bullfrog
    32 | D        | Reached skill level 5 in Fighting
    32 | D        | Reached skill level 5 in Axes
    32 | D        | Reached skill level 5 in Armour
    32 | D        | Reached skill level 5 in Shields
    32 | D        | Reached XP level 5. HP: 47/48 MP: 7/7
    78 | D        | Noticed a slime creature
    93 | D        | Slain by a slime creature

Illustrated notes

Levels and vault maps discovered:
D:        dungeon_sprint_1 [red_sonja_temple_1, red_sonja_temple_small_1]

Skill      XL: |  1  2  3  4 |
---------------+-------------+-----
Fighting       | 3 4 5 |  5.5
Axes           | 3 4 5 |  5.1
Armour         | 3 4 5 |  5.5
Shields        | 3 4 5 |  5.5

Action                     |  1- 3 |  4- 6 || total
---------------------------+-------+-------++-------
  Melee: Unarmed           |     7 |     3 ||    10
         War axe           |       |    11 ||    11
  Evoke: Wand              |       |     2 ||     2
    Use: Potion            |     2 |     3 ||     5
 Armour: Skin              |       |     1 ||     1
         Scale mail        |       |     2 ||     2
  Dodge: Dodged            |     3 |     1 ||     4
  Block: Buckler           |       |     4 ||     4
